MID
WISCONSIN TIMBER RATTLERS @ PEORIA CHIEFS
04/29/2048
 
TOP OF THE 1ST
Wisconsin Timber Rattlers batting - Pitching for Peoria Chiefs : LHP Jake Richards
Pitching: LHP Jake Richards
Batting: LHB Rick Campbell 0-0: Called Strike
0-1: Ball
1-1: Foul Ball, location: 2F
1-2: Foul Ball, location: 2F
1-2: Foul Ball, location: 2F
1-2: Ball
2-2: Strikes out swinging
Batting: RHB Ryan Miller 0-0: SINGLE (Groundball, 25, EV 70.0 MPH) (infield hit)
Batting: SHB Jerry Duffy 0-0: Called Strike
0-1: Swinging Strike
0-2: Ball
1-2: Strikes out swinging
Batting: RHB Dan Allred 0-0: Called Strike
0-1: Ball
1-1: Ball
2-1: Foul Ball, location: 2F
2-2: Foul Ball, location: 2F
2-2: Strikes out swinging
Top of the 1st over - 0 runs, 1 hit, 0 errors, 1 left on base; Wisconsin 0 - Peoria 0
BOTTOM OF THE 1ST
Peoria Chiefs batting - Pitching for Wisconsin Timber Rattlers : RHP Zachery Waff
Pitching: RHP Zachery Waff
Batting: RHB Robby Hickman 0-0: Ball
1-0: Called Strike
1-1: Foul Ball, location: 2F
1-2: Strikes out swinging
Batting: LHB Ken Morehead 0-0: Called Strike
0-1: Swinging Strike
0-2: Strikes out swinging
Batting: RHB Ricky Yerzy 0-0: Ground out 4-3 (Groundball, 4, EV 99.4 MPH)
Bottom of the 1st over - 0 runs, 0 hits, 0 errors, 0 left on base; Wisconsin 0 - Peoria 0
TOP OF THE 2ND
Wisconsin Timber Rattlers batting - Pitching for Peoria Chiefs : LHP Jake Richards
Batting: SHB Justin Hensley 0-0: Ball
1-0: Ball
2-0: Ball
3-0: Called Strike
3-1: Called Strike
3-2: Strikes out swinging
Batting: LHB Mark Backstrom 0-0: Ball
1-0: Ground out 4-3 (Groundball, 4, EV 100.6 MPH)
Now at 2B: Robby Hickman
Now at SS: Richard Riggs
Batting: RHB Juan Villanueva 0-0: Foul Ball, location: 2F
0-1: Ball
1-1: Ball
2-1: Ball
3-1: Base on Balls
Batting: RHB Dusty Bates 0-0: Ball
1-0: Ball
2-0: Called Strike
2-1: Ball
3-1: Called Strike
3-2: Strikes out swinging
Top of the 2nd over - 0 runs, 0 hits, 0 errors, 1 left on base; Wisconsin 0 - Peoria 0
BOTTOM OF THE 2ND
Peoria Chiefs batting - Pitching for Wisconsin Timber Rattlers : RHP Zachery Waff
Batting: SHB Gerardo Macias 0-0: Ball
1-0: Called Strike
1-1: Ball
2-1: TRIPLE (Line Drive, 9LD, EV 101.9 MPH)
Batting: RHB Edgar Landim 0-0: Called Strike
0-1: Foul Ball, location: 2F
0-2: Strikes out swinging
Batting: RHB Tommy Tracy 0-0: Ball
1-0: Called Strike
1-1: Called Strike
1-2: Ground out 5-3 (Groundball, 56, EV 86.2 MPH)
Gerardo Macias scores
Batting: RHB Richard Riggs 0-0: Ball
1-0: Ground out 6-3 (Groundball, 6, EV 93.1 MPH)
Bottom of the 2nd over - 1 run, 1 hit, 0 errors, 0 left on base; Wisconsin 0 - Peoria 1
TOP OF THE 3RD
Wisconsin Timber Rattlers batting - Pitching for Peoria Chiefs : LHP Jake Richards
Batting: SHB Ramon Perez 0-0: Called Strike
0-1: Ball
1-1: Ground out 5-3 (Groundball, 56, EV 106.9 MPH)
Batting: LHB Rick Campbell 0-0: Called Strike
0-1: Swinging Strike
0-2: Strikes out swinging
Batting: RHB Ryan Miller 0-0: DOUBLE (Line Drive, 89XD, EV 101.2 MPH)
Batting: SHB Jerry Duffy 0-0: Called Strike
0-1: 2-RUN HOME RUN (Flyball, 7D, EV 95.0 MPH), Distance : 358 ft
Batting: RHB Dan Allred 0-0: Called Strike
0-1: Ball
1-1: Foul Ball, location: 2F
1-2: Ball
2-2: Ball
3-2: Strikes out swinging, 2-3 out at first.
Top of the 3rd over - 2 runs, 2 hits, 0 errors, 0 left on base; Wisconsin 2 - Peoria 1
BOTTOM OF THE 3RD
Peoria Chiefs batting - Pitching for Wisconsin Timber Rattlers : RHP Zachery Waff
Batting: SHB Hank Arias 0-0: Called Strike
0-1: Foul Ball, location: 2F
0-2: Ball
1-2: Ball
2-2: Foul Ball, location: 2F
2-2: Strikes out swinging
Batting: RHB Bobby Miles 0-0: Fly out, F8 (Line Drive, 89D, EV 96.9 MPH)
Batting: RHB Robby Hickman 0-0: Foul Ball, location: 2F
0-1: Foul Ball, location: 2F
0-2: Foul Ball, location: 2F
0-2: Fly out, F7 (Flyball, 7S, EV 90.6 MPH)
Bottom of the 3rd over - 0 runs, 0 hits, 0 errors, 0 left on base; Wisconsin 2 - Peoria 1
TOP OF THE 4TH
Wisconsin Timber Rattlers batting - Pitching for Peoria Chiefs : LHP Jake Richards
Batting: SHB Justin Hensley 0-0: Ground out 5-3 (Groundball, 5, EV 93.1 MPH)
Batting: LHB Mark Backstrom 0-0: Ball
1-0: Called Strike
1-1: Ball
2-1: Ball
3-1: Swinging Strike
3-2: Strikes out looking
Batting: RHB Juan Villanueva 0-0: Called Strike
0-1: Foul Ball, location: 2F
0-2: Ball
1-2: Foul Ball, location: 2F
1-2: Ball
2-2: Ball
3-2: Ground out 4-3 (Groundball, 4, EV 93.1 MPH)
Top of the 4th over - 0 runs, 0 hits, 0 errors, 0 left on base; Wisconsin 2 - Peoria 1
BOTTOM OF THE 4TH
Peoria Chiefs batting - Pitching for Wisconsin Timber Rattlers : RHP Zachery Waff
Batting: LHB Ken Morehead 0-0: Ball
1-0: Foul Ball, location: 2F
1-1: Ball
2-1: Ball
3-1: Foul Ball, location: 2F
3-2: Base on Balls
Batting: RHB Ricky Yerzy 0-0: Ball
1-0: Ball
2-0: Ball
3-0: Foul Ball, location: 2F
3-1: Called Strike
3-2: Base on Balls
Ken Morehead to second
Batting: SHB Gerardo Macias 0-0: Called Strike
0-1: Ball
1-1: Ball
2-1: Called Strike
2-2: Ball
3-2: Strikes out looking
Batting: RHB Edgar Landim 0-0: Foul Ball, location: 2F
0-1: Foul Ball, location: 2F
0-2: Ball
1-2: Ball
2-2: Ball
3-2: Strikes out swinging
Batting: RHB Tommy Tracy 0-0: Called Strike
0-1: Ball
1-1: Fielders Choice at 2nd, 6-4 (Groundball, 6, EV 102.5 MPH)
Bottom of the 4th over - 0 runs, 0 hits, 0 errors, 2 left on base; Wisconsin 2 - Peoria 1
TOP OF THE 5TH
Wisconsin Timber Rattlers batting - Pitching for Peoria Chiefs : LHP Jake Richards
Batting: RHB Dusty Bates 0-0: Foul Ball, location: 2F
0-1: Ball
1-1: Swinging Strike
1-2: Ground out 6-3 (Groundball, 56, EV 106.2 MPH)
Batting: SHB Ramon Perez 0-0: Ball
1-0: Called Strike
1-1: Foul Ball, location: 2F
1-2: SINGLE (Groundball, 56D, EV 96.9 MPH)
Batting: LHB Rick Campbell 0-0: Called Strike
Balk!
Ramon Perez to second
0-1: Ball
1-1: Foul Ball, location: 2F
1-2: Foul Ball, location: 2F
1-2: Ball
2-2: Strikes out swinging
Batting: RHB Ryan Miller 0-0: Called Strike
0-1: Ball
1-1: Swinging Strike
1-2: Foul Ball, location: 2F
1-2: Strikes out looking
Top of the 5th over - 0 runs, 1 hit, 0 errors, 1 left on base; Wisconsin 2 - Peoria 1
BOTTOM OF THE 5TH
Peoria Chiefs batting - Pitching for Wisconsin Timber Rattlers : RHP Zachery Waff
Batting: RHB Richard Riggs 0-0: DOUBLE (Groundball, 3L, EV 106.9 MPH)
Batting: SHB Hank Arias 0-0: Fly out, F3 (Flyball, 3D, EV 85.6 MPH)
Batting: RHB Bobby Miles 0-0: Called Strike
0-1: Foul Ball, location: 2F
0-2: Ball
1-2: Ball
2-2: Ground out 4-3 (Groundball, 34, EV 106.2 MPH)
Richard Riggs to third
Batting: RHB Robby Hickman 0-0: Ball
1-0: Foul Ball, location: 2F
1-1: Ball
2-1: Swinging Strike
2-2: Foul Ball, location: 2F
2-2: SINGLE (Groundball, 34S, EV 65.0 MPH) (infield hit)
Richard Riggs scores
Batting: LHB Ken Morehead 0-0: Ball
Robby Hickman steals 2nd base
1-0: Foul Ball, location: 2F
1-1: Ball
2-1: Ball
3-1: Base on Balls
Batting: RHB Ricky Yerzy 0-0: Ball
1-0: Ball
Wild Pitch!
Robby Hickman to third
Ken Morehead to second
2-0: Ball
3-0: Called Strike
3-1: Foul Ball, location: 2F
3-2: Base on Balls
Batting: SHB Gerardo Macias 0-0: Fly out, F7 (Flyball, 7D, EV 105.0 MPH)
Bottom of the 5th over - 1 run, 2 hits, 0 errors, 3 left on base; Wisconsin 2 - Peoria 2
TOP OF THE 6TH
Wisconsin Timber Rattlers batting - Pitching for Peoria Chiefs : LHP Jake Richards
Batting: SHB Jerry Duffy 0-0: Foul Ball, location: 2F
0-1: SINGLE (Groundball, 4MD, EV 98.8 MPH)
Batting: RHB Dan Allred 0-0: Fielders Choice at 2nd, 6-4 (Groundball, 6, EV 82.5 MPH)
Batting: SHB Justin Hensley 0-0: Ball
1-0: Ball
2-0: Ground out 5-3 (Groundball, 56S, EV 75.6 MPH)
Dan Allred to second
Pitching: RHP Steve Pierson
Batting: LHB Mark Backstrom 0-0: Called Strike
0-1: Called Strike
0-2: Ball
1-2: Fly out, F9 (Flyball, 9LM, EV 85.0 MPH)
Top of the 6th over - 0 runs, 1 hit, 0 errors, 1 left on base; Wisconsin 2 - Peoria 2
BOTTOM OF THE 6TH
Peoria Chiefs batting - Pitching for Wisconsin Timber Rattlers : RHP Zachery Waff
Batting: RHB Edgar Landim 0-0: Foul Ball, location: 2F
0-1: Ball
1-1: Foul Ball, location: 2F
1-2: Foul Ball, location: 2F
1-2: Ball
2-2: Foul Ball, location: 2F
2-2: DOUBLE (Line Drive, 78D, EV 103.1 MPH)
Batting: RHB Tommy Tracy 0-0: Ball
1-0: Ball
2-0: Foul Ball, location: 2F
2-1: Foul Ball, location: 2F
2-2: Strikes out looking
Batting: RHB Richard Riggs 0-0: Called Strike
0-1: Ball
1-1: Ground out 4-3 (Groundball, P, EV 80.0 MPH)
Edgar Landim to third
Batting: SHB Hank Arias 0-0: Fly out, F9 (Flyball, 9D, EV 105.0 MPH)
Bottom of the 6th over - 0 runs, 1 hit, 0 errors, 1 left on base; Wisconsin 2 - Peoria 2
TOP OF THE 7TH
Wisconsin Timber Rattlers batting - Pitching for Peoria Chiefs : RHP Steve Pierson
Pinch Hitting: SHB Sam Bingham 0-0: SOLO HOME RUN (Flyball, 9LD, EV 90.6 MPH), Distance : 331 ft
Batting: RHB Dusty Bates 0-0: Ground out 6-3 (Groundball, 6, EV 106.2 MPH)
Batting: SHB Ramon Perez 0-0: Ball
1-0: Ball
2-0: Ball
3-0: Called Strike
3-1: Ground out 3-1 (Groundball, 34S, EV 85.6 MPH)
Batting: LHB Rick Campbell 0-0: Ball
1-0: Swinging Strike
1-1: Ball
2-1: Called Strike
2-2: Ball
3-2: Strikes out swinging
Top of the 7th over - 1 run, 1 hit, 0 errors, 0 left on base; Wisconsin 3 - Peoria 2
BOTTOM OF THE 7TH
Peoria Chiefs batting - Pitching for Wisconsin Timber Rattlers : RHP Zachery Waff
Now at SS: Sam Bingham
Batting: RHB Bobby Miles 0-0: Reached on error, E6 (Groundball, 6S, EV 80.6 MPH)
Batting: RHB Robby Hickman 0-0: Called Strike
0-1: Foul Ball, location: 2F
0-2: Fly out, F8 (Flyball, 8RD, EV 103.8 MPH)
Pitching: RHP Jon Warren
Batting: LHB Ken Morehead 0-0: Called Strike
0-1: Swinging Strike
0-2: Ball
1-2: Ball
2-2: Strikes out swinging
Batting: RHB Ricky Yerzy 0-0: Fly out, F8 (Flyball, 8RD, EV 98.8 MPH)
Bottom of the 7th over - 0 runs, 0 hits, 1 error, 1 left on base; Wisconsin 3 - Peoria 2
TOP OF THE 8TH
Wisconsin Timber Rattlers batting - Pitching for Peoria Chiefs : RHP Steve Pierson
Batting: RHB Ryan Miller 0-0: Swinging Strike
0-1: Ball
1-1: Ball
2-1: Foul Ball, location: 2F
2-2: Strikes out swinging
Batting: SHB Jerry Duffy 0-0: Foul Ball, location: 2F
0-1: Ball
1-1: Ball
2-1: Called Strike
2-2: DOUBLE (Line Drive, 7LM, EV 110.6 MPH)
Batting: RHB Dan Allred 0-0: Ground out 5-3 (Groundball, 56, EV 92.5 MPH)
Batting: SHB Justin Hensley 0-0: Ball
1-0: Foul Ball, location: 2F
1-1: Foul Ball, location: 2F
1-2: 2-RUN HOME RUN (Flyball, 89XD, EV 105.0 MPH), Distance : 420 ft
Pitching: LHP Jake Hall
Batting: LHB Mark Backstrom 0-0: DOUBLE (Line Drive, 89D, EV 106.2 MPH)
Batting: SHB Sam Bingham 0-0: Ball
1-0: Foul Ball, location: 2F
1-1: Ball
2-1: Foul Ball, location: 2F
2-2: Foul Ball, location: 2F
2-2: Ball
3-2: Strikes out swinging
Top of the 8th over - 2 runs, 3 hits, 0 errors, 1 left on base; Wisconsin 5 - Peoria 2
BOTTOM OF THE 8TH
Peoria Chiefs batting - Pitching for Wisconsin Timber Rattlers : RHP Jon Warren
Batting: SHB Gerardo Macias 0-0: Foul Ball, location: 2F
0-1: Swinging Strike
0-2: Strikes out looking
Batting: RHB Edgar Landim 0-0: Foul Ball, location: 2F
0-1: Foul Ball, location: 2F
0-2: Ball
1-2: Foul Ball, location: 2F
1-2: Fly out, F7 (Flyball, 7S, EV 86.2 MPH)
Batting: RHB Tommy Tracy 0-0: Foul Ball, location: 2F
0-1: Ball
1-1: Ball
2-1: Foul Ball, location: 2F
2-2: Ground out 5-3 (Groundball, 56, EV 108.1 MPH)
Bottom of the 8th over - 0 runs, 0 hits, 0 errors, 0 left on base; Wisconsin 5 - Peoria 2
TOP OF THE 9TH
Wisconsin Timber Rattlers batting - Pitching for Peoria Chiefs : LHP Jake Hall
Pitching: LHP Vince Zujovic
Batting: RHB Dusty Bates 0-0: Ball
1-0: Ball
2-0: Called Strike
2-1: Called Strike
2-2: Foul Ball, location: 2F
2-2: Ground out 4-3 (Groundball, 4, EV 103.8 MPH)
Batting: SHB Ramon Perez 0-0: Ball
1-0: Called Strike
1-1: Foul Ball, location: 2F
1-2: Ball
2-2: Strikes out looking
Batting: LHB Rick Campbell 0-0: Called Strike
0-1: Ball
1-1: Swinging Strike
1-2: Ball
2-2: Foul Ball, location: 2F
2-2: Strikes out swinging
Top of the 9th over - 0 runs, 0 hits, 0 errors, 0 left on base; Wisconsin 5 - Peoria 2
BOTTOM OF THE 9TH
Peoria Chiefs batting - Pitching for Wisconsin Timber Rattlers : RHP Jon Warren
Pitching: RHP Sal Contreras
Batting: RHB Richard Riggs 0-0: Called Strike
0-1: Swinging Strike
0-2: Foul Ball, location: 2F
0-2: Ball
1-2: Strikes out swinging
Batting: SHB Hank Arias 0-0: Ball
1-0: Ball
2-0: Called Strike
2-1: Ball
3-1: Base on Balls
Batting: RHB Bobby Miles 0-0: SINGLE (Groundball, 25, EV 72.5 MPH) (infield hit)
Hank Arias to second
Batting: RHB Robby Hickman 0-0: Ball
1-0: Called Strike
1-1: SINGLE (Flyball, 5D, EV 88.1 MPH)
Hank Arias to third
Bobby Miles to second
Batting: LHB Ken Morehead 0-0: Swinging Strike
0-1: Called Strike
0-2: Strikes out looking
Batting: RHB Ricky Yerzy 0-0: Called Strike
0-1: Ball
1-1: Called Strike
1-2: Foul Ball, location: 2F
1-2: Ball
2-2: Ball
3-2: Fly out, F8 (Flyball, BS6, EV 98.8 MPH)
Bottom of the 9th over - 0 runs, 2 hits, 0 errors, 3 left on base; Wisconsin 5 - Peoria 2
Tuesday, March 28th , 2023 - OOTP Baseball 23.10 Build 110